| TOP OF THE 1ST |
|
University of California Golden Bears batting - Pitching for Ohio State University Buckeyes : RHP Mike Stabb
|
|
Pitching: RHP Mike Stabb
|
|
|
Batting: LHB Eric Gaugler
|
0-0: Foul Ball, location: 2F 0-1: Called Strike 0-2: Ball 1-2: Strikes out swinging
|
|
Batting: RHB Mario Diaz
|
0-0: Called Strike 0-1: Called Strike 0-2: Foul Ball, location: 2F 0-2: Ball 1-2: Ball 2-2: Foul Ball, location: 2F 2-2: Ground out 5-3 (Groundball, 5, EV 85.6 MPH)
|
|
Batting: RHB Nate Mahon
|
0-0: Ball 1-0: Foul Ball, location: 2F 1-1: Called Strike 1-2: Ball 2-2: Foul Ball, location: 2F 2-2: Strikes out swinging
|
| Top of the 1st over - 0 runs, 0 hits, 0 errors, 0 left on base; University of California 0 - Ohio State University 0 |
| BOTTOM OF THE 1ST |
|
Ohio State University Buckeyes batting - Pitching for University of California Golden Bears : RHP Robert Chauvel
|
|
Pitching: RHP Robert Chauvel
|
|
|
Batting: RHB Hikaru Nakata
|
0-0: SOLO HOME RUN (Flyball, 8RXD, EV 115.6 MPH), Distance : 448 ft
|
|
Batting: RHB Aaron Burnet
|
0-0: Called Strike 0-1: Ball 1-1: Foul Ball, location: 2F 1-2: Ball 2-2: Ground out 6-3 (Groundball, 6, EV 84.4 MPH)
|
|
Batting: SHB Ken Griffey IV
|
0-0: Ball 1-0: Fly out, F9 (Flyball, 9S, EV 84.4 MPH)
|
|
Batting: LHB Ben Roth
|
0-0: SOLO HOME RUN (Flyball, 7D, EV 99.4 MPH), Distance : 387 ft
|
|
Batting: RHB Hugo Chavez
|
0-0: Called Strike 0-1: Called Strike 0-2: Ball 1-2: Strikes out swinging
|
| Bottom of the 1st over - 2 runs, 2 hits, 0 errors, 0 left on base; University of California 0 - Ohio State University 2 |
| TOP OF THE 2ND |
|
University of California Golden Bears batting - Pitching for Ohio State University Buckeyes : RHP Mike Stabb
|
|
Batting: SHB Matsudaira Ikeda
|
0-0: Swinging Strike 0-1: Swinging Strike 0-2: Ball 1-2: Ground out 4-3 (Groundball, 4, EV 81.9 MPH)
|
|
Batting: LHB Luis Orellana
|
0-0: Ball 1-0: Called Strike 1-1: Ball 2-1: Foul Ball, location: 2F 2-2: Strikes out swinging
|
|
Batting: RHB Alex Martinez
|
0-0: Foul Ball, location: 2F 0-1: Called Strike 0-2: Strikes out swinging
|
| Top of the 2nd over - 0 runs, 0 hits, 0 errors, 0 left on base; University of California 0 - Ohio State University 2 |
| BOTTOM OF THE 2ND |
|
Ohio State University Buckeyes batting - Pitching for University of California Golden Bears : RHP Robert Chauvel
|
|
Batting: RHB Michihisa Tanaka
|
0-0: Ball 1-0: Ball 2-0: Foul Ball, location: 2F 2-1: SOLO HOME RUN (Flyball, 7D, EV 97.5 MPH), Distance : 371 ft
|
|
Batting: RHB Jeff Standridge
|
0-0: Ball 1-0: Called Strike 1-1: Ball 2-1: Ground out U3 (Groundball, 3, EV 83.8 MPH)
|
|
Batting: RHB John Britton
|
0-0: Ball 1-0: Ball 2-0: Ball 3-0: Called Strike 3-1: Ground out 6-3 (Groundball, 6, EV 85.6 MPH)
|
|
Batting: RHB Jose Benavidez
|
0-0: Ball 1-0: Ball 2-0: Ball 3-0: Called Strike 3-1: Base on Balls
|
|
Batting: RHB Hikaru Nakata
|
0-0: Ball 1-0: Fly out, F7 (Line Drive, 7, EV 97.5 MPH)
|
| Bottom of the 2nd over - 1 run, 1 hit, 0 errors, 1 left on base; University of California 0 - Ohio State University 3 |
| TOP OF THE 3RD |
|
University of California Golden Bears batting - Pitching for Ohio State University Buckeyes : RHP Mike Stabb
|
|
Batting: RHB Alex Guerra
|
0-0: Fly out, F9 (Flyball, 9S, EV 84.4 MPH)
|
|
Batting: RHB Kevin Harris
|
0-0: Fly out, F8 (Line Drive, 8RM, EV 94.4 MPH)
|
|
Batting: RHB Kasey Sands
|
0-0: SINGLE (Groundball, 34D, EV 97.5 MPH)
|
|
Batting: LHB Eric Gaugler
|
0-0: Called Strike 0-1: Swinging Strike 0-2: Ball 1-2: Strikes out swinging
|
| Top of the 3rd over - 0 runs, 1 hit, 0 errors, 1 left on base; University of California 0 - Ohio State University 3 |
| BOTTOM OF THE 3RD |
|
Ohio State University Buckeyes batting - Pitching for University of California Golden Bears : RHP Robert Chauvel
|
|
Batting: RHB Aaron Burnet
|
0-0: Called Strike 0-1: Ball 1-1: Fly out, F9 (Flyball, 9, EV 86.2 MPH)
|
|
Batting: SHB Ken Griffey IV
|
0-0: Called Strike 0-1: Foul Ball, location: 2F 0-2: Foul Ball, location: 2F 0-2: SOLO HOME RUN (Flyball, 9D, EV 98.8 MPH), Distance : 389 ft
|
|
Batting: LHB Ben Roth
|
0-0: Ball 1-0: Called Strike 1-1: Foul Ball, location: 2F 1-2: Strikes out looking
|
|
Batting: RHB Hugo Chavez
|
0-0: Ball 1-0: Ball 2-0: Called Strike 2-1: SINGLE (Line Drive, 9LM, EV 110.0 MPH)
|
|
Batting: RHB Michihisa Tanaka
|
0-0: Foul Ball, location: 2F 0-1: SINGLE (Line Drive, 7S, EV 100.0 MPH) Hugo Chavez to second
|
|
Batting: RHB Jeff Standridge
|
0-0: Called Strike 0-1: Ball 1-1: Ball 2-1: 3-RUN HOME RUN (Line Drive, 7LD, EV 96.2 MPH), Distance : 366 ft
|
|
Pitching: LHP John van Asten
|
|
|
Batting: RHB John Britton
|
0-0: Ball 1-0: Ball 2-0: Ball 3-0: Called Strike 3-1: Ground out 5-3 (Groundball, 56S, EV 81.2 MPH)
|
| Bottom of the 3rd over - 4 runs, 4 hits, 0 errors, 0 left on base; University of California 0 - Ohio State University 7 |
| TOP OF THE 4TH |
|
University of California Golden Bears batting - Pitching for Ohio State University Buckeyes : RHP Mike Stabb
|
|
Batting: RHB Mario Diaz
|
0-0: Ball 1-0: Ball 2-0: Ball 3-0: Called Strike 3-1: Foul Ball, location: 2F 3-2: Foul Ball, location: 2F 3-2: Foul Ball, location: 2F 3-2: SINGLE (Flyball, 4D, EV 95.6 MPH)
|
|
Batting: RHB Nate Mahon
|
0-0: Foul Ball, location: 2F 0-1: Called Strike Mario Diaz steals 2nd base 0-2: Strikes out swinging
|
|
Batting: SHB Matsudaira Ikeda
|
0-0: Called Strike 0-1: Foul Ball, location: 2F 0-2: Foul Ball, location: 2F 0-2: Strikes out looking
|
|
Batting: LHB Luis Orellana
|
0-0: Foul Ball, location: 2F 0-1: Called Strike 0-2: Strikes out swinging
|
| Top of the 4th over - 0 runs, 1 hit, 0 errors, 1 left on base; University of California 0 - Ohio State University 7 |
| BOTTOM OF THE 4TH |
|
Ohio State University Buckeyes batting - Pitching for University of California Golden Bears : LHP John van Asten
|
|
Batting: RHB Jose Benavidez
|
0-0: Ball 1-0: Swinging Strike 1-1: Swinging Strike 1-2: Foul Ball, location: 2F 1-2: Foul Ball, location: 2F 1-2: Ball 2-2: Ball 3-2: SINGLE (Line Drive, 4M, EV 103.1 MPH)
|
|
Batting: RHB Hikaru Nakata
|
0-0: DOUBLE (Line Drive, 7LS, EV 108.8 MPH) Jose Benavidez to third
|
|
Batting: RHB Aaron Burnet
|
0-0: Ball 1-0: Foul Ball, location: 2F 1-1: Ground out U3 (Groundball, 34, EV 88.8 MPH) Jose Benavidez scores Hikaru Nakata to third
|
|
Batting: SHB Ken Griffey IV
|
0-0: Called Strike 0-1: Ball 1-1: SINGLE (Line Drive, 4MD, EV 98.8 MPH) Hikaru Nakata scores
|
|
Batting: LHB Ben Roth
|
0-0: Called Strike 0-1: Ball 1-1: Fly out, F8 (Flyball, 8LM, EV 89.4 MPH)
|
|
Batting: RHB Hugo Chavez
|
0-0: Fielders Choice at 2nd, 5-4 (Groundball, 56, EV 101.2 MPH)
|
| Bottom of the 4th over - 2 runs, 3 hits, 0 errors, 1 left on base; University of California 0 - Ohio State University 9 |
| TOP OF THE 5TH |
|
University of California Golden Bears batting - Pitching for Ohio State University Buckeyes : RHP Mike Stabb
|
|
Batting: RHB Alex Martinez
|
0-0: Ball 1-0: Called Strike 1-1: SINGLE (Line Drive, 6M, EV 95.6 MPH)
|
|
Batting: RHB Alex Guerra
|
0-0: Ball Alex Martinez steals 2nd base 1-0: Foul Ball, location: 2F 1-1: Called Strike 1-2: Ball 2-2: Strikes out looking
|
|
Batting: RHB Kevin Harris
|
0-0: Called Strike 0-1: Swinging Strike 0-2: Ball 1-2: Strikes out swinging
|
|
Batting: RHB Kasey Sands
|
0-0: Foul Ball, location: 2F 0-1: Foul Ball, location: 2F 0-2: Ball 1-2: Foul Ball, location: 2F 1-2: Strikes out swinging
|
| Top of the 5th over - 0 runs, 1 hit, 0 errors, 1 left on base; University of California 0 - Ohio State University 9 |
| BOTTOM OF THE 5TH |
|
Ohio State University Buckeyes batting - Pitching for University of California Golden Bears : LHP John van Asten
|
|
Batting: RHB Michihisa Tanaka
|
0-0: Called Strike 0-1: SINGLE (Groundball, 6MD, EV 100.0 MPH)
|
|
Pitching: RHP Luis Lopez
|
|
|
Batting: RHB Jeff Standridge
|
0-0: Grounds into double play, 5-4-3 (Groundball, 5, EV 103.8 MPH)
|
|
Batting: RHB John Britton
|
0-0: Ball 1-0: Foul Ball, location: 2F 1-1: Fly out, F8 (Line Drive, 8LD, EV 91.9 MPH)
|
| Bottom of the 5th over - 0 runs, 1 hit, 0 errors, 0 left on base; University of California 0 - Ohio State University 9 |
| TOP OF THE 6TH |
|
University of California Golden Bears batting - Pitching for Ohio State University Buckeyes : RHP Mike Stabb
|
|
Batting: LHB Eric Gaugler
|
0-0: Called Strike 0-1: Foul Ball, location: 2F 0-2: Strikes out swinging
|
|
Batting: RHB Mario Diaz
|
0-0: Called Strike 0-1: Ball 1-1: TRIPLE (Line Drive, 78XD, EV 102.5 MPH)
|
|
Batting: RHB Nate Mahon
|
0-0: Swinging Strike 0-1: Ball 1-1: Ball 2-1: Fly out, F7 (Flyball, 78XD, EV 101.9 MPH) Runner from 3rd tags up, SCORES, no throw by LF
|
|
Batting: SHB Matsudaira Ikeda
|
0-0: Foul Ball, location: 2F 0-1: Ball 1-1: SINGLE (Groundball, 4MD, EV 95.6 MPH)
|
|
Pitching: RHP Ricky Ramos
|
|
|
Batting: LHB Luis Orellana
|
0-0: Ball 1-0: Called Strike 1-1: Swinging Strike 1-2: Ball Matsudaira Ikeda is caught stealing 2nd base 2-6
|
| Top of the 6th over - 1 run, 2 hits, 0 errors, 0 left on base; University of California 1 - Ohio State University 9 |
| BOTTOM OF THE 6TH |
|
Ohio State University Buckeyes batting - Pitching for University of California Golden Bears : RHP Luis Lopez
|
|
Batting: RHB Jose Benavidez
|
0-0: Called Strike 0-1: Ball 1-1: Ball 2-1: Ball 3-1: Base on Balls
|
|
Batting: RHB Hikaru Nakata
|
0-0: Ball 1-0: Ball 2-0: Fly out, F8 (Line Drive, 8LD, EV 100.0 MPH)
|
|
Batting: RHB Aaron Burnet
|
0-0: Ball 1-0: Foul Ball, location: 2F 1-1: Ball 2-1: Called Strike 2-2: Ball 3-2: Fly out, F8 (Flyball, 78M, EV 90.0 MPH)
|
|
Pitching: RHP Tim Devine
|
|
|
Batting: SHB Ken Griffey IV
|
0-0: Foul Ball, location: 2F 0-1: Foul Ball, location: 2F 0-2: Strikes out looking
|
| Bottom of the 6th over - 0 runs, 0 hits, 0 errors, 1 left on base; University of California 1 - Ohio State University 9 |
| TOP OF THE 7TH |
|
University of California Golden Bears batting - Pitching for Ohio State University Buckeyes : RHP Ricky Ramos
|
|
Batting: LHB Luis Orellana
|
0-0: Called Strike 0-1: Called Strike 0-2: Foul Ball, location: 2F 0-2: DOUBLE (Flyball, 8RXD, EV 99.4 MPH)
|
|
Batting: RHB Alex Martinez
|
0-0: Ball 1-0: Called Strike 1-1: Ball 2-1: Fly out, F7 (Flyball, 7S, EV 78.1 MPH)
|
|
Batting: RHB Alex Guerra
|
0-0: Called Strike 0-1: Called Strike 0-2: Ball 1-2: Ball 2-2: Foul Ball, location: 2F 2-2: Ball 3-2: Base on Balls
|
|
Batting: RHB Kevin Harris
|
0-0: Ball 1-0: Ball 2-0: Swinging Strike 2-1: SINGLE (Groundball, 6MD, EV 94.4 MPH) Luis Orellana to third Alex Guerra to second Runner from 3rd tries for Home, SAFE, throw by CF to home
|
|
Batting: RHB Kasey Sands
|
0-0: Grounds into double play, 4-6-3 (Groundball, 4, EV 78.1 MPH)
|
| Top of the 7th over - 1 run, 2 hits, 0 errors, 1 left on base; University of California 2 - Ohio State University 9 |
| BOTTOM OF THE 7TH |
|
Ohio State University Buckeyes batting - Pitching for University of California Golden Bears : RHP Tim Devine
|
|
Batting: LHB Ben Roth
|
0-0: Called Strike 0-1: Foul Ball, location: 2F 0-2: Foul Ball, location: 2F 0-2: Ball 1-2: Foul Ball, location: 2F 1-2: Ground out 5-3 (Groundball, 56, EV 77.5 MPH)
|
|
Pinch Hitting: LHB Ricardo Torres
|
0-0: Fly out, F8 (Flyball, 8RM, EV 85.6 MPH)
|
|
Batting: RHB Michihisa Tanaka
|
0-0: Called Strike 0-1: Ball 1-1: SINGLE (Line Drive, 8RS, EV 106.9 MPH)
|
|
Batting: RHB Jeff Standridge
|
0-0: Ball 1-0: Called Strike 1-1: Ball 2-1: Ground out 4-3 (Groundball, 4, EV 88.8 MPH)
|
| Bottom of the 7th over - 0 runs, 1 hit, 0 errors, 1 left on base; University of California 2 - Ohio State University 9 |
| TOP OF THE 8TH |
|
University of California Golden Bears batting - Pitching for Ohio State University Buckeyes : RHP Ricky Ramos
|
|
Now at 1B: Ricardo Torres
|
|
|
Batting: LHB Eric Gaugler
|
0-0: Ball 1-0: Fly out, F7 (Flyball, 7D, EV 88.8 MPH)
|
|
Batting: RHB Mario Diaz
|
0-0: Ball 1-0: Fly out, F9 (Flyball, 9, EV 88.8 MPH)
|
|
Batting: RHB Nate Mahon
|
0-0: Ball 1-0: Foul Ball, location: 2F 1-1: Ball 2-1: Ball 3-1: Fly out, F9 (Flyball, 89D, EV 103.1 MPH)
|
| Top of the 8th over - 0 runs, 0 hits, 0 errors, 0 left on base; University of California 2 - Ohio State University 9 |
| BOTTOM OF THE 8TH |
|
Ohio State University Buckeyes batting - Pitching for University of California Golden Bears : RHP Tim Devine
|
|
Pinch Hitting: RHB Mike Vaughan
|
0-0: Swinging Strike 0-1: Ball 1-1: Called Strike 1-2: DOUBLE (Line Drive, 78M, EV 93.8 MPH)
|
|
Batting: RHB Jose Benavidez
|
0-0: Ball 1-0: Ball 2-0: Called Strike 2-1: Ground out 4-3 (Groundball, 4, EV 76.2 MPH) Mike Vaughan to third
|
|
Batting: RHB Hikaru Nakata
|
0-0: Called Strike 0-1: Ball 1-1: Ball 2-1: Fly out, F5 (Popup, 5F, EV 69.4 MPH)
|
|
Pinch Hitting: LHB Edwin Vasquez
|
0-0: SINGLE (Line Drive, 6D, EV 102.5 MPH) Mike Vaughan scores
|
|
Batting: SHB Ken Griffey IV
|
0-0: Called Strike 0-1: Ball 1-1: 2-RUN HOME RUN (Line Drive, 89XD, EV 101.9 MPH), Distance : 416 ft
|
|
Pitching: LHP Jimmy Bolton
|
|
|
Batting: LHB Ben Roth
|
0-0: Ball 1-0: Ball 2-0: Ball 3-0: Called Strike 3-1: Called Strike 3-2: Base on Balls
|
|
Batting: LHB Ricardo Torres
|
0-0: Fly out, F8 (Flyball, 8RXD, EV 91.2 MPH)
|
| Bottom of the 8th over - 3 runs, 3 hits, 0 errors, 1 left on base; University of California 2 - Ohio State University 12 |
| TOP OF THE 9TH |
|
University of California Golden Bears batting - Pitching for Ohio State University Buckeyes : RHP Ricky Ramos
|
|
Pitching: RHP Max Carter
|
|
|
Now at 2B: Mike Vaughan
|
|
|
Now at SS: Jeff Standridge
|
|
|
Now in LF: Edwin Vasquez
|
|
|
Pinch Hitting: RHB Juan Debayle
|
0-0: Ground out 4-3 (Groundball, 4, EV 87.5 MPH)
|
|
Batting: LHB Luis Orellana
|
0-0: Called Strike 0-1: Ball 1-1: Foul Ball, location: 2F 1-2: Ball 2-2: Foul Ball, location: 2F 2-2: Strikes out swinging
|
|
Batting: RHB Alex Martinez
|
0-0: Ball 1-0: Ball 2-0: Swinging Strike 2-1: Foul Ball, location: 2F 2-2: SINGLE (Groundball, 6MD, EV 110.6 MPH)
|
|
Pinch Hitting: RHB RĂºbem Trancoso
|
0-0: Ball 1-0: Ball 2-0: Foul Ball, location: 2F 2-1: Ball 3-1: Fly out, F8 (Line Drive, 8LD, EV 90.0 MPH)
|
| Top of the 9th over - 0 runs, 1 hit, 0 errors, 1 left on base; University of California 2 - Ohio State University 12 |
|